 Dungeon Crawl Stone Soup version 0.29.1-13-g9f3cf754e1 (webtiles) character file.

Game seed: 12654906664550844387

22 xian the Caller (level 2, 0/19 HPs)
             Began as a Demonspawn Summoner on Jan 29, 2023.
             Slain by Sigmund
             ... wielding a +0 scythe
              (6 damage)
             ... on level 2 of the Dungeon.
             The game lasted 00:03:07 (1769 turns).

xian the Caller (Demonspawn Summoner)               Turns: 1769, Time: 00:03:07

Health: 0/19       AC:  2    Str:  8    XL:     2   Next: 68%
Magic:  1/5        EV: 12    Int: 16    God:
Gold:   63         SH:  0    Dex: 15    Spells: 2/5 levels left

rFire   . . .      SeeInvis .   g - +0 dagger
rCold   . . .      Faith    .   (no shield)
rNeg    . . .      Spirit   .   a - +0 robe
rPois   .          Reflect  .   (no helmet)
rElec   .          Harm     .   (no cloak)
rCorr   .          Rampage  .   (no gloves)
Will    .....                   (no boots)
Stlth   +++.......              (no amulet)
HPRegen 0.06/turn               (no ring)
MPRegen 0.09/turn               (no ring)

@: no status effects
A: thin skeletal structure 1
a: no special abilities


You were on level 2 of the Dungeon.
You visited 1 branch of the dungeon, and saw 2 of its levels.

You collected 63 gold pieces.

Inventory:

Hand Weapons
 g - a +0 dagger (weapon)
Armour
 a - a +0 robe (worn)
Scrolls
 h - a scroll of immolation {unknown}
 i - 2 scrolls of fog {unknown}
Potions
 b - a potion of magic
 c - a potion of lignification {unknown}
 d - 2 potions of curing {unknown}
 e - a potion of brilliance {unknown}
 f - a potion of haste


   Skills:
 + Level 0.2 Fighting
 + Level 1.7 Dodging
 + Level 1.7 Stealth
 + Level 2.4 Spellcasting
 + Level 4.4 Summonings


You had 2 spell levels left.
You knew the following spells:

 Your Spells              Type           Power      Damage    Failure   Level
a - Summon Small Mammal   Summ           64%        N/A       3%          1
b - Call Imp              Summ           16%        N/A       4%          2

Your spell library contained the following spells:

 Spells                   Type           Power      Damage    Failure   Level
 Call Canine Familiar     Summ           16%        N/A       10%         3
 Summon Guardian Golem    Hex/Summ       9%         N/A       24%         3
 Summon Lightning Spire   Summ/Air       9%         N/A       61%         4


Dungeon Overview and Level Annotations

Branches:
Dungeon (2/15)

Altars:

Annotations:
D:2 Sigmund


Innate Abilities, Weirdness & Mutations

You have a somewhat thin skeletal structure. (Dex +2, Stealth+)


Message History

HP restored.
There is a stone staircase leading down here.
You climb downwards.
Level annotation: Sigmund Sigmund zaps a wand.
The puff of flame misses you.
There is a stone staircase leading up here.
Casting: Summon Small Mammal (safe; 3% risk of failure)
Confirm with . or Enter, or press ? or * to list all spells.
A metallic apparition takes form in the air.
Sigmund drinks a potion.
Sigmund seems to speed up.
Found a scroll labelled VEAMNAT XICZITHAU.
Sigmund hits your iron imp with a +0 scythe!
Casting: Call Imp (safe; 4% risk of failure)
Confirm with . or Enter, or press ? or * to list all spells.
Sigmund hits your iron imp with a +0 scythe.
Your iron imp closely misses Sigmund.
Casting: Summon Small Mammal (safe; 3% risk of failure)
Confirm with . or Enter, or press ? or * to list all spells.
Sigmund hits your iron imp with a +0 scythe!
Your iron imp dies!
Your iron imp disappears in a puff of smoke!
Sigmund barely misses your bat.
Your bat closely misses Sigmund.
Sigmund zaps a wand.
The puff of flame misses you.
Your bat hits Sigmund.
Casting: Summon Small Mammal (safe; 3% risk of failure)
Confirm with . or Enter, or press ? or * to list all spells.
You don't have enough magic to cast this spell.
Sigmund hits you from afar with a +0 scythe.
Your bat hits Sigmund but does no damage.
Your bat completely misses Sigmund.
Your rat closely misses Sigmund.
Your bat barely misses Sigmund.
Sigmund casts a spell.
Sigmund flickers and vanishes!
Deactivating autopickup; reactivate with Ctrl-A.
Something hits you but does no damage.
You completely miss something.
Your bat hits something but does no damage.
Something hits you!
Ouch! That really hurt!
Something hits you.
You die...

##..##..# ... ...
..##.##..
.......########
##.)........##
.####....b.......##
........<.........#
#.........r{......#
..#.......@..)....#
#...............#
#.................#
?##.#............##
#.##..........## .
############ #


You could see a friendly bat (summoned) and a friendly rat (summoned).

Vanquished Creatures
  A goblin (D:2)
  A jackal (D:1)
2 creatures vanquished.

Vanquished Creatures (collateral kills)
  A ball python (D:1)
  2 endoplasms (D:1)
  8 giant cockroaches (D:1)
  2 quokkas (D:1)
  A bat (D:1)
  A frilled lizard (D:1)
15 creatures vanquished.

Grand Total: 17 creatures vanquished

Notes
Turn   | Place    | Note
-------+----------+-------------------------------------------
     0 | D:1      | xian the Demonspawn Summoner began the quest for the Orb.
     0 | D:1      | Reached XP level 1. HP: 13/13 MP: 3/3
   348 | D:1      | Gained mutation: You have a somewhat thin skeletal
                  | structure. (Dex +2, Stealth+) [demonic ancestry]
   348 | D:1      | Reached XP level 2. HP: 11/19 MP: 1/5
   351 | D:1      | Learned a level 2 spell: Call Imp
  1467 | D:2      | Noticed Sigmund
  1769 | D:2      | Slain by Sigmund

Illustrated notes

Levels and vault maps discovered:
D:1:      beargit_arrival_greenhouse, layout_basic, minmay_worlds_worst_comb
D:2:      layout_rooms, minmay_tall_x, uniq_sigmund

Action                   || total
-------------------------++-------
Melee: Unarmed           ||    33
       Dagger            ||     9
 Cast: Summon Small Mamm ||    17
       Call Imp          ||     6
  Use: Scroll            ||     1
 Stab: Sleeping          ||     2
       Distracted        ||     1
Armor: Robe              ||    27
Dodge: Dodged            ||    54
